 Dungeon Crawl Stone Soup version 0.28.0-53-g5a82cb258f (webtiles) character file.

Game seed: 4005379823638879208

163 raph the Grave Robber (level 5, -5/35 HPs)
             Began as a Human Necromancer on July 15, 2022.
             Slain by a scorpion (6 damage)
             ... on level 4 of the Dungeon.
             The game lasted 00:03:57 (3481 turns).

raph the Grave Robber (Human Necromancer)           Turns: 3481, Time: 00:03:58

Health: -5/35      AC:  3    Str:  8    XL:     5   Next: 72%
Magic:  4/9        EV: 12    Int: 18    God:
Gold:   88         SH:  0    Dex: 13    Spells: 4/9 levels left

rFire   . . .      SeeInvis .   j - +0 dagger (speed)
rCold   . . .      Faith    .   (no shield)
rNeg    . . .      Spirit   .   a - +0 robe
rPois   .          Reflect  .   e - +0 helmet
rElec   .          Harm     .   (no cloak)
rCorr   .          Rampage  .   (no gloves)
Will    .....                   (no boots)
Stlth   ++........              (no amulet)
HPRegen 0.11/turn               (no ring)
MPRegen 0.11/turn               (no ring)

@: no status effects
A: no striking features
a: no special abilities


You were on level 4 of the Dungeon.
You visited 1 branch of the dungeon, and saw 4 of its levels.

You collected 88 gold pieces.

Inventory:

Hand Weapons
 b - a +0 whip
 j - a +0 dagger of speed (weapon)
Armour
 a - a +0 robe (worn)
 e - a +0 helmet (worn)
 i - a +1 helmet
Jewellery
 c - a ring of ice
Scrolls
 d - a scroll of blinking
 k - a scroll of fog
 l - a scroll of teleportation {unknown}
Potions
 f - a potion of curing {unknown}
 g - a potion of attraction


   Skills:
 + Level 2.9 Dodging
 + Level 3.1 Stealth
 + Level 2.9 Spellcasting
 * Level 5.1 Necromancy


You had 4 spell levels left.
You knew the following spells:

 Your Spells              Type           Power      Damage    Failure   Level
a - Pain                  Necr           84%        1d8       1%          1
b - Animate Skeleton      Necr           42%        N/A       1%          1
c - Vampiric Draining     Necr           21%        2d7       6%          3

Your spell library contained the following spells:

 Spells                   Type           Power      Damage    Failure   Level
 Animate Dead             Necr           10%        N/A       21%         4
 Agony                    Necr           21%        N/A       50%         5


Dungeon Overview and Level Annotations

Branches:
Dungeon (4/15)
 Temple: D:4-7

Altars:
Dithmenos


Message History

An orc priest comes into view. It is wielding a +0 club.
There is a stone staircase leading down here.
Aiming: Pain (safe; 1% risk of failure)
Press: ? - help, Q - select action, (/) - cycle Shift-Dir - straight line, f/p - orc wizard
Aim: an orc wizard, wielding a +1 dagger of venom and wearing a +0 robe (almost dead, chance to affect: 80%)
The orc wizard writhes in agony.
The orc priest shouts!
You hear an angry hiss.
The orc wizard hits you with a +1 dagger of venom.
The orc priest begins to cast a cantrip, but forgets the words!
The orc wizard casts a spell at you.
You are confused.
The orc priest looks encouraged for a moment.
You climb downwards.
There is a stone staircase leading up here.
You're too confused to cast spells.
Unknown command.
You bump into the rock wall.
The orc wizard points at you and mumbles some strange words.
The puff of flame hits you!
You hit the orc wizard.
The orc wizard is almost dead.
The orc wizard barely misses you. The scorpion stings you.
* * * LOW HITPOINT WARNING * * *
You're too confused to move!
The scorpion misses you.
The orc wizard points at you and mumbles some strange words.
The puff of flame hits you.
* * * LOW HITPOINT WARNING * * *
You closely miss the orc wizard.
The orc wizard is almost dead.
The scorpion stings you.
* * * LOW HITPOINT WARNING * * *
It was a potion of cancellation.
Your magical effects are unravelling.
You feel magically purged.
You feel less confused.
The orc wizard hits you with a +1 dagger of venom.
* * * LOW HITPOINT WARNING * * *
The scorpion stings you.
You die...

##+#
##...##
#.#....o##
#......@.#
#......s..#
..........+
#.........#
##.......##
##.....##
##...##
.#+#


You could see a scorpion and an orc wizard.

Vanquished Creatures
  Natasha (thrice) (D:2)
  Robin (D:2)
  A gnoll (D:1)
  2 adders (D:2)
  2 dart slugs
  An orc (D:2)
  A ball python (D:2)
  3 bats
  4 endoplasms
  A giant cockroach (D:1)
  10 goblins
  3 hobgoblins
  3 jackals
  3 kobolds
  A quokka (D:1)
  A frilled lizard (D:1)
  3 rats
43 creatures vanquished.

Vanquished Creatures (collateral kills)
  A goblin (D:2)
1 creature vanquished.

Grand Total: 44 creatures vanquished

Notes
Turn   | Place    | Note
-------+----------+-------------------------------------------
     0 | D:1      | raph the Human Necromancer began the quest for the Orb.
     0 | D:1      | Reached XP level 1. HP: 13/13 MP: 3/3
     1 | D:1      | Found a shadowy altar of Dithmenos.
     7 | D:1      | Learned a level 1 spell: Animate Skeleton
   185 | D:1      | Reached XP level 2. HP: 12/19 MP: 0/5
   614 | D:1      | Reached XP level 3. HP: 22/24 MP: 4/6
   627 | D:1      | Learned a level 3 spell: Vampiric Draining
   891 | D:1      | Found a faded altar of an unknown god.
  1365 | D:2      | Noticed Natasha
  1546 | D:2      | Noticed Robin
  1801 | D:2      | Reached XP level 4. HP: 30/30 MP: 4/7
  1951 | D:2      | Killed Natasha
  2026 | D:2      | HP: 1/30 [goblin/stone[Robin] (5)]
  2422 | D:2      | Noticed Natasha
  2433 | D:2      | Killed Natasha
  2434 | D:2      | Reached XP level 5. HP: 2/35 MP: 0/9
  2886 | D:2      | Killed Robin
  2887 | D:2      | Reached skill level 5 in Necromancy
  3177 | D:2      | Noticed Natasha
  3201 | D:2      | Killed Natasha
  3481 | D:4      | HP: 1/35 [orc wizard/+1 dagger of venom (3)]
  3481 | D:4      | Slain by a scorpion

Illustrated notes

Levels and vault maps discovered:
D:1:      sevenhm_arrival_forest_fort_small_6, layout_loops_corners,
          chequers_ecumenical_altar_island, nicolae_grassy_gnolls
D:2:      layout_rooms, uniq_natasha, uniq_robin
D:3:      layout_loops_cross, chequers_serial_rivers_small_3, uniq_jessica
D:4:      layout_loops_corners, chequers_serial_rivers_large_a, uniq_edmund

Skill      XL: |  1  2  3  4  5 |
---------------+----------------+-----
Necromancy     | 5 |  5.1
Stealth        | 3 |  3.1
Dodging        | |  2.9
Spellcasting   | |  2.9

Action                   |  1- 3 |  4- 6 || total
-------------------------+-------+-------++-------
Melee: Whip              |    23 |    12 ||    35
       Dagger            |       |     3 ||     3
 Cast: Pain              |    39 |    53 ||    92
       Animate Skeleton  |       |     3 ||     3
  Use: Scroll            |     4 |     3 ||     7
       Potion            |       |     1 ||     1
 Stab: Sleeping          |     2 |       ||     2
Armor: Robe              |     6 |    15 ||    21
Dodge: Dodged            |    27 |    30 ||    57
